 Dungeon Crawl Stone Soup version 0.32-a0-814-g0968bab981 (webtiles) character file.

Game seed: 10672096802835216448

2535 Fodor the Cleaver (level 9, 0/78 HPs)
             Began as a Minotaur Fighter on Mar 23, 2024.
             Slain by an elephant (5 damage)
             ... while petrified by a basilisk
             ... on level 8 of the Dungeon.
             The game lasted 00:19:47 (6248 turns).

Fodor the Cleaver (Minotaur Fighter)                Turns: 6248, Time: 00:19:47

Health: 0/78       AC: 13    Str: 25    XL:     9   Next: 30%
Magic:  8/8        EV:  2    Int:  5    God:
Gold:   449        SH:  0    Dex: 10    Spells: 8/8 levels left

rFire   + . .        a - +2 war axe (elec)
rCold   x . .        c - +0 kite shield
rNeg    + + +        b - +0 plate armour
rPois   ∞            (helmet restricted)
rElec   .            (no cloak)
rCorr   .            (no gloves)
SInv    +            (no boots)
Will    .....        (no amulet) Stlth
                     I - ring of fire
HPRegen 0.33/turn    B - ring of see invisible
MPRegen 0.11/turn

%: no passive effects
@: petrified
A: horns 2, retaliatory headbutt
a: no special abilities


You were on level 8 of the Dungeon.
You visited 2 branches of the dungeon, and saw 9 of its levels.

You collected 485 gold pieces.
You spent 36 gold pieces at shops.

Inventory:

Hand Weapons
 a - a +2 war axe of electrocution (weapon)
 M - a +0 arbalest
 N - a +0 battleaxe
Missiles
 o - 2 boomerangs (quivered)
Armour
 b - a +0 plate armour (worn)
 c - a +0 kite shield (worn)
 O - a +0 chain mail
Jewellery
 B - a ring of see invisible (right hand)
 I - a ring of fire (left hand)
Talismans
 J - a blade talisman
 K - a serpent talisman
Wands
 j - a wand of paralysis (11)
 A - a wand of quicksilver (12)
 F - a wand of flame (22)
 H - a wand of mindburst (8)
Scrolls
 g - a scroll of torment {unknown}
 h - a scroll of revelation {unknown}
 k - 2 scrolls of identify {unknown}
 m - a scroll of vulnerability {unknown}
 n - a scroll of amnesia
 q - a scroll of enchant armour {unknown}
 w - a scroll of immolation {unknown}
 x - a scroll of teleportation {unknown}
 C - a scroll of noise {unknown}
 E - a scroll of fear {unknown}
Potions
 e - a potion of haste {unknown}
 l - a potion of ambrosia {unknown}
 p - 2 potions of lignification {unknown}
 r - 2 potions of attraction {unknown}
 u - a potion of heal wounds {unknown}
 v - 2 potions of brilliance {unknown}
 D - a potion of degeneration {unknown}
 G - a potion of berserk rage {unknown}
 L - a potion of might


   Skills:
 + Level 6.8 Fighting
 + Level 10.4 Axes
 + Level 1.8 Throwing
 + Level 7.6 Armour
 + Level 1.8 Dodging
 + Level 0.5 Stealth
 + Level 6.9 Shields


You had 8 spell levels left.
You didn't know any spells.
Your spell library contained the following spells:

 Spells                   Type           Power      Damage    Failure   Level
 Apportation              Tloc           0%         N/A       100%        1
 Magic Dart               Conj           0%         1d3       100%        1
 Necrotise                Necr           0%         1d4       100%        1
 Sting                    Conj/Alch      0%         1d3       100%        1
 Summon Small Mammal      Summ           0%         N/A       100%        1
 Blink                    Tloc           0%         N/A       100%        2
 Call Imp                 Summ           0%         N/A       100%        2
 Sublimation of Blood     Necr           0%         N/A       100%        2
 Call Canine Familiar     Summ           0%         N/A       100%        3
 Dazzling Flash           Conj/Hex       0%         N/A       100%        3
 Sigil of Binding         Hex            0%         N/A       100%        3
 Tukima's Dance           Hex            0%         N/A       100%        3
 Volatile Blastmotes      Fire/Tloc      0%         2d10      100%        3
 Dimensional Bullseye     Hex/Tloc       0%         N/A       100%        4
 Fulminant Prism          Conj/Alch      0%         3d5       100%        4
 Iskenderun's Mystic Bla  Conj/Tloc      0%         2d3       100%        4
 Starburst                Conj/Fire      0%         6d3       100%        6
 Summon Hydra             Summ           0%         N/A       100%        7
 Maxwell's Capacitive Co  Air            0%         ∞         100%        8


Dungeon Overview and Level Annotations

Branches:
Dungeon (8/15)             Temple (1/1) D:6
   Lair: D:8-11

Altars:
Ashenzari
Cheibriados
Dithmenos
Elyvilon
Fedhas
Hepliaklqana
Kikubaaqudgha
Makhleb
Okawaru
Qazlal
Ru
Sif Muna
Vehumet
Wu Jian
Yredelemnul
Zin

Shops:
D:2 (   D:3 !


Innate Abilities, Weirdness & Mutations

You have a pair of horns on your head.
You reflexively headbutt those who attack you in melee.


Message History

You resist with some effort. The basilisk gazes at you.
You resist with some effort.
You see here a +0 spear.
You block the wyvern's attack. You block the wyvern's attack.
You see here a +0 spear.
You block the wyvern's attack.
Things that are here:
a +0 flail; a gnoll skeleton The wyvern attacks as it pursues you!
The wyvern bites you but does no damage.
You block the wyvern's attack.
The wyvern bites you but does no damage.
The wyvern attacks as it pursues you! The wyvern bites you!
* * * LOW HITPOINT WARNING * * *
You block the wyvern's attack. The wyvern attacks as it pursues you!
The wyvern bites you but does no damage.
The wyvern attacks as it pursues you!
The wyvern bites you but does no damage. x2
You slash the wyvern!
The wyvern is moderately wounded.
You block the wyvern's attack. x2
You hit the wyvern. Your headbutt misses the wyvern.
The wyvern is heavily wounded.
The wyvern bites you but does no damage.
The basilisk gazes at you.
You are slowing down.
The basilisk hisses menacingly.
Your limbs are stiffening.
The wyvern attacks as it pursues you! You block the wyvern's attack. x2
You have turned to stone.
The elephant tramples you but does no damage.
The elephant trunk-slaps you but does no damage.
The wyvern bites you!
* * * LOW HITPOINT WARNING * * *
The wyvern bites you but does no damage.
The elephant tramples you!
You die...

#### ####..#####
####.........#
###............##
#####...............##
#....................#
##..................##
##......l.k@<.....##
########.......Y.......#
#....####.)...........##
#.....###)#..........##
.......##)##........##
........#.###......##
..........# ##....##
.......)))## ##..##
......Y....# ####


You could see an elephant, a basilisk and a wyvern.

Vanquished Creatures
  A basilisk (D:8)
  A wraith (D:8)
  A steam dragon (D:7)
  Edmund (D:6)
  Duvessa (D:6)
  A water moccasin (D:7)
  A black bear (D:4)
  An ice beast (D:6)
  An orc warrior (D:8)
  An ogre (D:6)
  A phantom (D:6)
  A kobold brigand (D:6)
  2 bullfrogs
  5 scorpions
  Dowan (D:6)
  5 wights (D:6)
  An electric eel (D:8)
  An orc priest (D:8)
  2 bombardier beetles
  2 hounds (D:4)
  2 jellies (D:5)
  An iguana (D:6)
  Jessica (D:2)
  A gnoll bouda (D:8)
  An orc wizard (D:8)
  5 adders
  7 gnolls
  2 white imps (D:7)
  4 ufetubi (D:6)
  3 dart slugs
  3 ribbon worms
  9 orcs
  A bat (D:1)
  4 endoplasms
  3 giant cockroaches
  5 goblins
  9 hobgoblins
  4 jackals (D:1)
  A quokka (D:4)
  3 ball pythons
  A frilled lizard (D:2)
  10 kobolds
  5 rats
116 creatures vanquished.

Notes
Turn   | Place    | Note
-------+----------+-------------------------------------------
     0 | D:1      | Fodor the Minotaur Fighter began the quest for the Orb.
     0 | D:1      | Reached XP level 1. HP: 19/19 MP: 0/0
   100 | D:1      | Reached XP level 2. HP: 22/27 MP: 1/1
   916 | D:1      | Reached skill level 3 in Axes
   916 | D:1      | Reached XP level 3. HP: 33/33 MP: 2/2
  1049 | D:2      | Found a faded altar of an unknown god.
  1080 | D:2      | Found Ohodior's Weapon Shoppe.
  1228 | D:2      | Found an iron altar of Okawaru.
  1320 | D:2      | Reached XP level 4. HP: 38/40 MP: 3/3
  1394 | D:2      | Noticed Jessica
  1400 | D:2      | Killed Jessica
  1401 | D:2      | Reached skill level 4 in Axes
  1841 | D:3      | Found Ocesur's Distillery.
  1866 | D:3      | Bought a potion of curing for 36 gold pieces
  1946 | D:3      | Reached XP level 5. HP: 46/46 MP: 4/4
  2578 | D:4      | Reached skill level 5 in Axes
  2640 | D:4      | Found a stormy altar of Qazlal.
  2989 | D:4      | Reached XP level 6. HP: 48/52 MP: 5/5
  3027 | D:4      | Reached skill level 6 in Axes
  3027 | D:4      | Reached skill level 5 in Armour
  3334 | D:5      | Entered Level 5 of the Dungeon
  3355 | D:5      | Reached skill level 5 in Shields
  3468 | D:5      | Reached skill level 5 in Fighting
  3676 | D:5      | Reached XP level 7. HP: 61/61 MP: 6/6
  3687 | D:5      | Found a radiant altar of Vehumet.
  3687 | D:5      | Found a white marble altar of Elyvilon.
  3687 | D:5      | Found a glowing silver altar of Zin.
  3739 | D:5      | Found an iron altar of Okawaru.
  3862 | D:6      | Noticed Edmund
  3867 | D:6      | Reached skill level 7 in Axes
  3878 | D:6      | Killed Edmund
  4252 | D:6      | Reached skill level 8 in Axes
  4252 | D:6      | Reached XP level 8. HP: 70/70 MP: 7/7
  4349 | D:6      | Reached skill level 1 in Dodging
  4541 | D:6      | Reached skill level 9 in Axes
  4604 | D:6      | Noticed Dowan
  4605 | D:6      | Noticed Duvessa
  4608 | D:6      | Killed Dowan
  4627 | D:6      | Killed Duvessa
  4786 | D:6      | Found a staircase to the Ecumenical Temple.
  4808 | Temple   | Entered the Ecumenical Temple
  5269 | D:7      | Found a blossoming altar of Fedhas.
  5280 | D:7      | Reached skill level 10 in Axes
  5280 | D:7      | Reached XP level 9. HP: 76/78 MP: 8/8
  5602 | D:8      | Reached skill level 1 in Throwing
  6198 | D:8      | Noticed an elephant
  6248 | D:8      | Slain by an elephant

Illustrated notes

Levels and vault maps discovered:
D:1:      psy_arrival_whirlpool, layout_loops_ring
D:2:      layout_rooms, basic_altar, chequers_ecumenical_altar_simple,
          serial_shops, shop, hangedman_decor_growths, uniq_jessica
D:3:      layout_basic, serial_shops, shop
D:4:      minmay_skewed_foursquare, layout_gridville, lemuel_crystal_altar
D:5:      layout_cave_pools, kennysheep_okawaru_gauntlet, minitemple,
          kennysheep_generic_room_3
D:6:      layout_basic, minmay_temple_entry_offerings, uniq_duvessa, uniq_edmund
D:7:      layout_basic, lemuel_round_altar
D:8:      argonaut_augean_stables, layout_cave_pods, grunt_gozag_statues,
          david_lair_generic
Temple:   dpeg_chambers_temple

Skill      XL: |  1  2  3  4  5  6  7  8  9 |
---------------+----------------------------+-----
Armour         | 4 5 6 7 |  7.6
Shields        | 4 5 6 |  6.9
Fighting       | 4 5 6 |  6.8
Axes           | 3 4 5 6 8 10 | 10.4
Dodging        | 1 |  1.8
Throwing       | 1 |  1.8
Stealth        | |  0.5

Action                     |  1- 3 |  4- 6 |  7- 9 || total
---------------------------+-------+-------+-------++-------
  Melee: War axe           |    77 |    88 |   143 ||   308
         Headbutt          |    11 |    12 |    26 ||    49
  Throw: Boomerang         |       |       |    19 ||    19
    Use: Potion            |       |       |     6 ||     6
         Scroll            |       |       |     5 ||     5
 Armour: Scale mail        |     7 |       |       ||     7
         Plate armour      |    90 |    78 |   185 ||   353
  Dodge: Dodged            |    11 |     8 |    33 ||    52
  Block: Buckler           |     5 |       |       ||     5
         Kite shield       |    31 |    33 |    87 ||   151

Table legend: (Time is in decaauts)
 A = Elapsed time spent in this place.
 B = Non-inter-level travel time spent in this place.
 C = Inter-level travel time spent in this place.
 D = Time resting spent in this place.
 E = Time spent auto-exploring this place.
 F = Levels seen in this place.
 G = Mean time per level.
                   A        B        C        D        E       F      G
               +--------+--------+--------+--------+--------+-----+--------+
         Total |   6346 |   6248 |     98 |    793 |   3703 |   9 |  705.1 |
       Dungeon |   6281 |   6183 |     98 |    793 |   3703 |   8 |  785.1 |
        Temple |     65 |     65 |      0 |      0 |      0 |   1 |   65.0 |
               +--------+--------+--------+--------+--------+-----+--------+

Top non-repeatable levels by time:
     D:1: 1044 daAuts
     D:6: 1025 daAuts
     D:4: 982 daAuts
     D:3: 751 daAuts
     D:8: 716 daAuts
     D:7: 616 daAuts
     D:2: 615 daAuts
     D:5: 529 daAuts
  Temple: 65 daAuts
